| TOP OF THE 1ST |
|
West Virginia Black Bears batting - Pitching for Rome Braves : RHP Walt Bunney
|
|
Pitching: RHP Walt Bunney
|
|
|
Batting: RHB Dave Fredericks
|
0-0: Ball 1-0: Foul Ball, location: 2F 1-1: Ball 2-1: SINGLE (Flyball, 56D, EV 96.9 MPH)
|
|
Batting: RHB Brandon White
|
0-0: Ball 1-0: Called Strike 1-1: Ball 2-1: Ball 3-1: Fly out, F8 (Line Drive, 8LM, EV 90.6 MPH)
|
|
Batting: RHB Jaime Dubicki
|
0-0: Called Strike Dave Fredericks steals 2nd base 0-1: Ball 1-1: Foul Ball, location: 2F 1-2: SINGLE (Groundball, 4MD, EV 105.0 MPH) Dave Fredericks to third Runner from 3rd tries for Home, throw by CF and OUT! 8-2
|
|
Batting: LHB Norm Silveira-Wray
|
0-0: Called Strike 0-1: Ball 1-1: Foul Ball, location: 2F 1-2: Ball 2-2: Foul Ball, location: 2F 2-2: Strikes out swinging
|
| Top of the 1st over - 0 runs, 2 hits, 0 errors, 1 left on base; West Virginia 0 - Rome 0 |
| BOTTOM OF THE 1ST |
|
Rome Braves batting - Pitching for West Virginia Black Bears : LHP Grady Hebert
|
|
Pitching: LHP Grady Hebert
|
|
|
Batting: RHB Nate Taylor
|
0-0: Ball 1-0: Called Strike 1-1: Ball 2-1: Ground out 5-3 (Groundball, 56, EV 86.9 MPH)
|
|
Batting: RHB Chris Trites
|
0-0: Ground out 5-3 (Groundball, 5, EV 91.2 MPH)
|
|
Batting: LHB Ricardo Sandoval
|
0-0: Called Strike 0-1: Ball 1-1: Foul Ball, location: 2F 1-2: Foul Ball, location: 2F 1-2: Ball 2-2: Ball 3-2: Base on Balls
|
|
Batting: LHB Tamaichi Sasada
|
0-0: Called Strike 0-1: Ball 1-1: Fielders Choice at 2nd, 5-6 (Groundball, 6, EV 87.5 MPH)
|
| Bottom of the 1st over - 0 runs, 0 hits, 0 errors, 1 left on base; West Virginia 0 - Rome 0 |
| TOP OF THE 2ND |
|
West Virginia Black Bears batting - Pitching for Rome Braves : RHP Walt Bunney
|
|
Batting: LHB Randy Boone
|
0-0: Ball 1-0: SINGLE (Line Drive, 78S, EV 92.5 MPH)
|
|
Batting: RHB Chris Beckham
|
0-0: Called Strike 0-1: Called Strike 0-2: Strikes out swinging
|
|
Batting: RHB Terrence Wilson
|
0-0: Called Strike 0-1: Ball 1-1: Foul Ball, location: 2F 1-2: Ball 2-2: SINGLE (Line Drive, 34D, EV 94.4 MPH) Randy Boone to second Runner from 2nd tries for 3rd, SAFE, throw by RF made to third
|
|
Batting: RHB John DeVillier
|
0-0: Called Strike Terrence Wilson steals 2nd base 0-1: Fly out, F5 (Line Drive, 56, EV 73.1 MPH)
|
|
Batting: RHB Bob Raine
|
0-0: SINGLE (Groundball, 6D, EV 95.0 MPH) Randy Boone scores Terrence Wilson to third Runner from 3rd tries for Home, throw by LF and OUT! 7-2
|
| Top of the 2nd over - 1 run, 3 hits, 0 errors, 1 left on base; West Virginia 1 - Rome 0 |
| BOTTOM OF THE 2ND |
|
Rome Braves batting - Pitching for West Virginia Black Bears : LHP Grady Hebert
|
|
Batting: RHB Justin Reich
|
0-0: Called Strike 0-1: Foul Ball, location: 2F 0-2: Strikes out swinging
|
|
Batting: SHB Karl Starnes
|
0-0: Called Strike 0-1: Called Strike 0-2: Strikes out swinging
|
|
Batting: RHB Costantino Dolfini
|
0-0: Called Strike 0-1: Ball 1-1: Ball 2-1: Swinging Strike 2-2: Foul Ball, location: 2F 2-2: DOUBLE (Line Drive, 89D, EV 106.9 MPH)
|
|
Batting: RHB Rafael Reyes
|
0-0: Fly out, F6 (Popup, 6MS, EV 69.4 MPH)
|
| Bottom of the 2nd over - 0 runs, 1 hit, 0 errors, 1 left on base; West Virginia 1 - Rome 0 |
| TOP OF THE 3RD |
|
West Virginia Black Bears batting - Pitching for Rome Braves : RHP Walt Bunney
|
|
Batting: RHB Dave Fredericks
|
0-0: Called Strike 0-1: SINGLE (Groundball, 6MD, EV 104.4 MPH)
|
|
Batting: RHB Brandon White
|
0-0: Ball Dave Fredericks steals 2nd base 1-0: Foul Ball, location: 2F 1-1: Called Strike 1-2: Foul Ball, location: 2F 1-2: Strikes out swinging
|
|
Batting: RHB Jaime Dubicki
|
0-0: Ball 1-0: Swinging Strike 1-1: Ball 2-1: Ball 3-1: Fly out, F7 (Line Drive, 7, EV 108.8 MPH)
|
|
Batting: LHB Norm Silveira-Wray
|
0-0: Called Strike 0-1: Swinging Strike 0-2: Ball Wild Pitch! Dave Fredericks to third 1-2: Ball 2-2: Ball 3-2: Strikes out swinging
|
| Top of the 3rd over - 0 runs, 1 hit, 0 errors, 1 left on base; West Virginia 1 - Rome 0 |
| BOTTOM OF THE 3RD |
|
Rome Braves batting - Pitching for West Virginia Black Bears : LHP Grady Hebert
|
|
Batting: LHB Andres Aldape
|
0-0: Foul Ball, location: 2F 0-1: Ball 1-1: Foul Ball, location: 2F 1-2: Ball 2-2: Foul Ball, location: 2F 2-2: Ball 3-2: Ground out U3 (Groundball, 3, EV 90.6 MPH)
|
|
Batting: RHB Nate Taylor
|
0-0: Called Strike 0-1: Swinging Strike 0-2: Ball 1-2: Ball 2-2: Foul Ball, location: 2F 2-2: Strikes out swinging
|
|
Batting: RHB Chris Trites
|
0-0: Called Strike 0-1: Called Strike 0-2: Ball 1-2: Strikes out swinging
|
| Bottom of the 3rd over - 0 runs, 0 hits, 0 errors, 0 left on base; West Virginia 1 - Rome 0 |
| TOP OF THE 4TH |
|
West Virginia Black Bears batting - Pitching for Rome Braves : RHP Walt Bunney
|
|
Batting: LHB Randy Boone
|
0-0: SINGLE (Flyball, 8LS, EV 101.2 MPH)
|
|
Batting: RHB Chris Beckham
|
0-0: Ball 1-0: Ball 2-0: Called Strike 2-1: Ball 3-1: Foul Ball, location: 2F 3-2: Foul Ball, location: 2F 3-2: Foul Ball, location: 2F 3-2: Foul Ball, location: 2F 3-2: Strikes out swinging Randy Boone is caught stealing 2nd base 2-4 Batter strikes out.
|
|
Batting: RHB Terrence Wilson
|
0-0: Called Strike 0-1: Swinging Strike 0-2: Reached on error, E6 (Groundball, 6M, EV 81.2 MPH)
|
|
Batting: RHB John DeVillier
|
0-0: Called Strike Terrence Wilson is caught stealing 2nd base 2-4
|
| Top of the 4th over - 0 runs, 1 hit, 1 error, 0 left on base; West Virginia 1 - Rome 0 |
| BOTTOM OF THE 4TH |
|
Rome Braves batting - Pitching for West Virginia Black Bears : LHP Grady Hebert
|
|
Batting: LHB Ricardo Sandoval
|
0-0: Foul Ball, location: 2F 0-1: Fly out, F8 (Flyball, 8RS, EV 86.9 MPH)
|
|
Batting: LHB Tamaichi Sasada
|
0-0: Ball 1-0: Ball 2-0: Ball 3-0: Called Strike 3-1: Called Strike 3-2: Base on Balls
|
|
Batting: RHB Justin Reich
|
0-0: Called Strike 0-1: Ball 1-1: Called Strike 1-2: Ball 2-2: Ball 3-2: Foul Ball, location: 2F 3-2: Grounds into double play, 6-4-3 (Groundball, 6, EV 86.9 MPH)
|
| Bottom of the 4th over - 0 runs, 0 hits, 0 errors, 0 left on base; West Virginia 1 - Rome 0 |
| TOP OF THE 5TH |
|
West Virginia Black Bears batting - Pitching for Rome Braves : RHP Walt Bunney
|
|
Batting: RHB John DeVillier
|
0-0: Ball 1-0: Ball 2-0: Ball 3-0: Called Strike 3-1: Base on Balls
|
|
Batting: RHB Bob Raine
|
0-0: DOUBLE (Line Drive, 78D, EV 108.8 MPH) John DeVillier to third
|
|
Batting: RHB Dave Fredericks
|
0-0: Called Strike 0-1: Ball 1-1: Fly out, F9 (Flyball, 89D, EV 95.6 MPH) Runner from 3rd tags up, SCORES, throw by RF Bob Raine to third
|
|
Batting: RHB Brandon White
|
0-0: Called Strike 0-1: Called Strike 0-2: SINGLE (Groundball, 6MD, EV 99.4 MPH) Bob Raine scores
|
|
Batting: RHB Jaime Dubicki
|
0-0: Foul Ball, location: 2F 0-1: Swinging Strike 0-2: Ball 1-2: Ball 2-2: Ball 3-2: Base on Balls Brandon White to second
|
|
Batting: LHB Norm Silveira-Wray
|
0-0: Fielders Choice at 2nd, 6-4 (Groundball, 6, EV 83.8 MPH) Brandon White to third
|
|
Batting: LHB Randy Boone
|
0-0: Called Strike 0-1: Ball 1-1: Ball 2-1: Fly out, F8 (Line Drive, 8LD, EV 93.8 MPH)
|
| Top of the 5th over - 2 runs, 2 hits, 0 errors, 2 left on base; West Virginia 3 - Rome 0 |
| BOTTOM OF THE 5TH |
|
Rome Braves batting - Pitching for West Virginia Black Bears : LHP Grady Hebert
|
|
Batting: SHB Karl Starnes
|
0-0: Ball 1-0: Called Strike 1-1: Ball 2-1: Called Strike 2-2: DOUBLE (Line Drive, 89M, EV 104.4 MPH)
|
|
Batting: RHB Costantino Dolfini
|
0-0: Called Strike 0-1: Foul Ball, location: 2F 0-2: Ball 1-2: Ball 2-2: Ground out U3 (Groundball, 3S, EV 66.2 MPH) Karl Starnes to third
|
|
Batting: RHB Rafael Reyes
|
0-0: Ball 1-0: SINGLE (Groundball, 5S, EV 70.6 MPH) (infield hit) Karl Starnes scores
|
|
Batting: LHB Andres Aldape
|
0-0: Ball Rafael Reyes steals 2nd, throwing error, E2 Rafael Reyes to third 1-0: Ball 2-0: Ball 3-0: Base on Balls
|
|
Batting: RHB Nate Taylor
|
0-0: Ball 1-0: Called Strike 1-1: Ball 2-1: Called Strike 2-2: Ball 3-2: Base on Balls Andres Aldape to second
|
|
Batting: RHB Chris Trites
|
0-0: Ball 1-0: Ball 2-0: Grounds into fielders choice U2 (Groundball, 2R, EV 65.0 MPH) Andres Aldape to third Nate Taylor to second
|
|
Batting: LHB Ricardo Sandoval
|
0-0: Called Strike 0-1: Ball 1-1: Ground out 4-3 (Groundball, 4, EV 94.4 MPH)
|
| Bottom of the 5th over - 1 run, 2 hits, 1 error, 3 left on base; West Virginia 3 - Rome 1 |
| TOP OF THE 6TH |
|
West Virginia Black Bears batting - Pitching for Rome Braves : RHP Walt Bunney
|
|
Batting: RHB Chris Beckham
|
0-0: Ball 1-0: Ball 2-0: DOUBLE (Line Drive, 7LM, EV 101.2 MPH)
|
|
Batting: RHB Terrence Wilson
|
0-0: Called Strike 0-1: Called Strike 0-2: Ball 1-2: Ball 2-2: Foul Ball, location: 2F 2-2: Fly out, F7 (Flyball, 7S, EV 85.6 MPH)
|
|
Batting: RHB John DeVillier
|
0-0: Ball 1-0: Foul Ball, location: 2F 1-1: Ball 2-1: Hit by Pitch
|
|
Pinch Runner at 1st Dustin Herman:
|
|
|
Batting: RHB Bob Raine
|
0-0: Called Strike 0-1: Called Strike 0-2: Ball 1-2: Foul Ball, location: 2F 1-2: Foul Ball, location: 2F 1-2: Ball 2-2: Ball 3-2: Base on Balls Chris Beckham to third Dustin Herman to second
|
|
Pitching: RHP Marvin Rosas
|
|
|
Batting: RHB Dave Fredericks
|
0-0: Foul Ball, location: 2F 0-1: Ball 1-1: Foul Ball, location: 2F 1-2: Foul Ball, location: 2F 1-2: DOUBLE (Flyball, 89XD, EV 106.2 MPH) Chris Beckham scores Dustin Herman scores Bob Raine to third
|
|
Batting: RHB Brandon White
|
0-0: Ground out 4-3 (Groundball, 4MD, EV 88.8 MPH) Bob Raine scores Dave Fredericks to third
|
|
Batting: RHB Jaime Dubicki
|
0-0: Ball 1-0: Called Strike 1-1: Called Strike 1-2: SINGLE (Groundball, 56D, EV 96.2 MPH) Dave Fredericks scores
|
|
Batting: LHB Norm Silveira-Wray
|
0-0: Ball Wild Pitch! Jaime Dubicki to second 1-0: Called Strike 1-1: Called Strike 1-2: Strikes out swinging
|
| Top of the 6th over - 4 runs, 3 hits, 0 errors, 1 left on base; West Virginia 7 - Rome 1 |
| BOTTOM OF THE 6TH |
|
Rome Braves batting - Pitching for West Virginia Black Bears : LHP Grady Hebert
|
|
Pitching: RHP Xavier Stovall
|
|
|
Now at 3B: Dustin Herman
|
|
|
Batting: LHB Tamaichi Sasada
|
0-0: Ball 1-0: Foul Ball, location: 2F 1-1: SOLO HOME RUN (Flyball, 89XD, EV 105.0 MPH), Distance : 420 ft
|
|
Batting: RHB Justin Reich
|
0-0: SINGLE (Line Drive, 56D, EV 107.5 MPH)
|
|
Batting: SHB Karl Starnes
|
0-0: Called Strike 0-1: Ball 1-1: Foul Ball, location: 2F 1-2: Strikes out swinging
|
|
Batting: RHB Costantino Dolfini
|
0-0: Ball 1-0: Ball 2-0: Ball 3-0: Foul Ball, location: 2F 3-1: Foul Ball, location: 2F 3-2: Fly out, F9 (Flyball, 9, EV 97.5 MPH)
|
|
Batting: RHB Rafael Reyes
|
0-0: Called Strike 0-1: Ball 1-1: Called Strike Balk! Justin Reich to second 1-2: Ball 2-2: Strikes out swinging
|
| Bottom of the 6th over - 1 run, 2 hits, 0 errors, 1 left on base; West Virginia 7 - Rome 2 |
| TOP OF THE 7TH |
|
West Virginia Black Bears batting - Pitching for Rome Braves : RHP Marvin Rosas
|
|
Batting: LHB Randy Boone
|
0-0: Swinging Strike 0-1: Foul Ball, location: 2F 0-2: Ball 1-2: Foul Ball, location: 2F 1-2: Ball 2-2: Strikes out swinging
|
|
Batting: RHB Chris Beckham
|
0-0: Foul Ball, location: 2F 0-1: Ball 1-1: Ground out 6-3 (Groundball, 6, EV 100.0 MPH)
|
|
Batting: RHB Terrence Wilson
|
0-0: SINGLE (Groundball, 6MD, EV 104.4 MPH) (infield hit)
|
|
Batting: LHB Dustin Herman
|
0-0: Ball Terrence Wilson steals 2nd base 1-0: Foul Ball, location: 2F 1-1: Ball 2-1: Ground out 5-3 (Groundball, 6, EV 83.1 MPH)
|
| Top of the 7th over - 0 runs, 1 hit, 0 errors, 1 left on base; West Virginia 7 - Rome 2 |
| BOTTOM OF THE 7TH |
|
Rome Braves batting - Pitching for West Virginia Black Bears : RHP Xavier Stovall
|
|
Batting: LHB Andres Aldape
|
0-0: Ball 1-0: Ball 2-0: Called Strike 2-1: Swinging Strike 2-2: Ball 3-2: Strikes out swinging
|
|
Batting: RHB Nate Taylor
|
0-0: Ball 1-0: Foul Ball, location: 2F 1-1: Swinging Strike 1-2: Ball 2-2: Strikes out swinging
|
|
Batting: RHB Chris Trites
|
0-0: Called Strike 0-1: Ball 1-1: Ball 2-1: Foul Ball, location: 2F 2-2: SINGLE (Line Drive, 4D, EV 95.6 MPH)
|
|
Pitching: LHP Juan Villegas
|
|
|
Batting: LHB Ricardo Sandoval
|
0-0: Foul Ball, location: 2F 0-1: Ground out 4-3 (Groundball, 4S, EV 87.5 MPH)
|
| Bottom of the 7th over - 0 runs, 1 hit, 0 errors, 1 left on base; West Virginia 7 - Rome 2 |
| TOP OF THE 8TH |
|
West Virginia Black Bears batting - Pitching for Rome Braves : RHP Marvin Rosas
|
|
Batting: RHB Bob Raine
|
0-0: Called Strike 0-1: Ground out 4-3 (Groundball, 4, EV 101.2 MPH)
|
|
Batting: RHB Dave Fredericks
|
0-0: Ball 1-0: Swinging Strike 1-1: Ball 2-1: Ball 3-1: Base on Balls
|
|
Batting: RHB Brandon White
|
0-0: Ball 1-0: Ball 2-0: Called Strike 2-1: Fly out, F7 (Flyball, 7, EV 85.0 MPH)
|
|
Batting: RHB Jaime Dubicki
|
0-0: Called Strike 0-1: Foul Ball, location: 2F 0-2: Ball Dave Fredericks steals 2nd base 1-2: SINGLE (Groundball, 6MD, EV 94.4 MPH) Dave Fredericks to third Runner from 3rd tries for Home, throw by CF and OUT! 8-2
|
| Top of the 8th over - 0 runs, 1 hit, 0 errors, 1 left on base; West Virginia 7 - Rome 2 |
| BOTTOM OF THE 8TH |
|
Rome Braves batting - Pitching for West Virginia Black Bears : LHP Juan Villegas
|
|
Batting: LHB Tamaichi Sasada
|
0-0: Ball 1-0: Ball 2-0: Ball 3-0: Called Strike 3-1: Called Strike 3-2: Strikes out looking
|
|
Batting: RHB Justin Reich
|
0-0: Ball 1-0: Foul Ball, location: 2F 1-1: Ground out 2-3 (Groundball, 15S, EV 71.2 MPH)
|
|
Batting: SHB Karl Starnes
|
0-0: Foul Ball, location: 2F 0-1: SINGLE (Groundball, 56, EV 103.8 MPH)
|
|
Batting: RHB Costantino Dolfini
|
0-0: Called Strike 0-1: Ball 1-1: Ball 2-1: Foul Ball, location: 2F 2-2: Strikes out looking
|
| Bottom of the 8th over - 0 runs, 1 hit, 0 errors, 1 left on base; West Virginia 7 - Rome 2 |
| TOP OF THE 9TH |
|
West Virginia Black Bears batting - Pitching for Rome Braves : RHP Marvin Rosas
|
|
Batting: LHB Norm Silveira-Wray
|
0-0: Ball 1-0: Ball 2-0: Ball 3-0: Base on Balls
|
|
Pitching: LHP Gonnohyoe Hata
|
|
|
Batting: LHB Randy Boone
|
0-0: Called Strike Balk! Norm Silveira-Wray to second 0-1: SINGLE (Groundball, 4MD, EV 102.5 MPH) Norm Silveira-Wray to third
|
|
Batting: RHB Chris Beckham
|
0-0: Ball 1-0: Ball Pickoff Throw by Catcher to First - Out! 2-0: Ball 3-0: Base on Balls
|
|
Batting: RHB Terrence Wilson
|
0-0: Fielders Choice at 2nd, 5-4 (Groundball, 5S, EV 79.4 MPH) Norm Silveira-Wray scores
|
|
Batting: LHB Dustin Herman
|
0-0: Called Strike 0-1: Ball 1-1: Fly out, F5 (Popup, 25F, EV 85.0 MPH)
|
| Top of the 9th over - 1 run, 1 hit, 0 errors, 1 left on base; West Virginia 8 - Rome 2 |
| BOTTOM OF THE 9TH |
|
Rome Braves batting - Pitching for West Virginia Black Bears : LHP Juan Villegas
|
|
Batting: RHB Rafael Reyes
|
0-0: Ball 1-0: Ball 2-0: Foul Ball, location: 2F 2-1: Swinging Strike 2-2: Strikes out swinging
|
|
Pitching: RHP Hitoshi Yoshihara
|
|
|
Batting: LHB Andres Aldape
|
0-0: Foul Ball, location: 2F 0-1: Ground out 6-3 (Groundball, 6, EV 85.0 MPH)
|
|
Batting: RHB Nate Taylor
|
0-0: Ball 1-0: Ball 2-0: Ball 3-0: Base on Balls
|
|
Batting: RHB Chris Trites
|
0-0: Ball 1-0: Ball Passed Ball! Nate Taylor to second 2-0: Ground out 4-3 (Groundball, 4, EV 101.9 MPH)
|
| Bottom of the 9th over - 0 runs, 0 hits, 0 errors, 1 left on base; West Virginia 8 - Rome 2 |
|